 Dungeon Sprint DCSS version 0.21.1-1-g345015f (webtiles) character file.

13444 Fang the Executioner (level 11, -1/121 HPs)
             Began as a Minotaur Berserker on June 1, 2018.
             Was the Champion of Trog.
             Succumbed to an orange demon's poison
             ... in the Dungeon (Sprint IX: "|||||||||||||||||||||||||||||").
             The game lasted 00:06:50 (2152 turns).

Fang the Executioner (Minotaur Berserker)           Turns: 2152, Time: 00:06:51

Health: -1/121     AC:  3    Str: 29    XL:     11   Next: 75%
Magic:  3/3        EV: 20    Int:  2    God:    Trog [******]
Gold:   1266       SH:  0    Dex: 12    Spells: 10/10 levels left

rFire    . . .     SeeInvis .   t - +5 executioner's axe (antimagic)
rCold    . . .     Gourm    .   (shield currently unavailable)
rNeg     + . .     Faith    .   a - +0 robe {rN+}
rPois    .         Spirit   .   (helmet restricted)
rElec    .         Reflect  .   (no cloak)
rCorr    .         Harm     .   (no gloves)
MR       .....     NoTele   +   (no boots)
Stlth    ++........             (no amulet)
HPRegen  0.30/turn              n - +3 ring of strength
MPRegen  0.08/turn              o - +3 ring of dexterity

@: lethally poisoned (-1 -> -12), weakened
A: retaliatory headbutt, horns 2, blurry vision 1, dopey 1, shaggy fur 1, wild
magic 1
a: Berserk, Trog's Hand, Brothers in Arms, Burn Spellbooks, Renounce Religion


You were in the Dungeon.
You worshipped Trog.
Trog was exalted by your worship.
You were near starving.

You visited 1 branch You collected 1266 gold pieces.

Inventory:

Hand Weapons
 m - a +3 war axe of freezing
 t - a +5 antimagic executioner's axe (weapon)
Missiles
 p - 6 javelins of penetration (quivered)
Armour
 a - a +0 robe of positive energy (worn)
Jewellery
 n - a +3 ring of strength (left hand)
 o - a +3 ring of dexterity (right hand)
Wands
 l - a wand of acid (10)
Scrolls
 i - 2 scrolls of blinking
 k - 4 scrolls of remove curse
 r - 2 scrolls of enchant armour
 s - 3 scrolls of identify
Potions
 d - 3 potions of curing
 e - 3 potions of heal wounds
 f - 2 potions of haste
 g - 4 potions of magic
 h - 2 potions of berserk rage
 j - a potion of invisibility
Comestibles
 c - 12 rations


   Skills:
 + Level 18.5 Fighting
 + Level 21.8 Axes
 + Level 9.5 Armour
 + Level 13.5 Dodging
 + Level 2.9 Stealth


You had 10 spell levels left.
You didn't know any spells.

Dungeon Overview and Level Annotations

Branches:
Dungeon (1/1)

Altars:
Cheibriados
Dithmenos
Elyvilon
Fedhas
Gozag
Hepliaklqana
Kikubaaqudgha
Makhleb
Nemelex Xobeh
Okawaru
Qazlal
Ru
Sif Muna
Trog
Uskayaw
Vehumet
Wu Jian
Xom
Yredelemnul
Zin
The Shining One
Beogh
Jiyva
Lugonu

Shops:
D *}%}


Innate Abilities, Weirdness & Mutations

You reflexively headbutt those who attack you in melee.
You have a pair of horns on your head.
Scrolls take you a little longer to read.
You are dopey. (Int -2)
You are covered in fur. (AC +1)
Your spells are a little harder to cast, but a little more powerful.


Message History

You slice the orange demon!!
You kill the orange demon!
You recover from your berserk rage.
* * * LOW HITPOINT WARNING * * *
You feel sick.
The orc high priest mumbles some strange prayers to Beogh.
Unknown command.
Unknown command.
You slash the ynoxinul!
The ynoxinul's magic leaks into the air.
Your headbutt misses the ynoxinul.
The ynoxinul is heavily wounded.
* * * LOW HITPOINT WARNING * * *
You feel sick.
The ynoxinul disappears in a puff of smoke!
The ufetubus disappears in a puff of smoke!
Unknown command.
An orc priest comes into view.
You are no longer corroded.
You die...

▓▓▓▓▓▓▓▓▓▓▓▓▓▓▓▓▓▓▓▓▓▓▓▓
o44.oo§@∩)))))(....))())
▓▓▓▓▓▓▓▓▓▓▓▓▓▓▓▓▓▓▓▓▓▓▓▓▓▓▓▓▓▓▓▓▓
......................)..........
▓▓▓▓▓▓▓▓▓▓▓▓▓▓▓▓▓▓▓▓▓▓▓▓▓▓▓▓▓▓▓▓▓
'..[[[[..'[.?........)'.......÷.)
▓▓▓▓▓▓▓▓▓▓▓▓▓▓▓▓▓▓▓▓▓▓▓▓▓▓▓▓▓▓▓▓▓
.................................
▓▓▓▓▓▓▓▓▓▓▓▓▓▓▓▓▓▓▓▓▓▓▓▓▓▓▓▓▓▓▓▓▓
...).)....).)..[[[)|?.'__________


You could see 2 orc high priests, 2 ice devils and an orc priest (wandering).

Vanquished Creatures
  Josephine (D)
  A hydra (D)
  A tengu warrior (D)
  5 orc high priests (D)
  A manticore (D)
  3 orc sorcerers (D)
  An elephant (D)
  Psyche (D)
  A gargoyle (D)
  2 spiny frogs (D)
  5 polar bears (D)
  A slime creature (D)
  3 hippogriffs (D)
  3 yaks (D)
  A wyvern (D)
  6 wraiths (D)
  3 water moccasins (D)
  A porcupine (D)
  7 orc warriors (D)
  4 black bears (D)
  A centaur (D)
  A wolf (D)
  3 crocodiles (D)
  A wight (D)
  2 crimson imps (D)
  6 orc priests (D)
  7 orc wizards (D)
  An iguana (D)
  An adder (D)
  A leopard gecko (D)
  8 orcs (D)
  2 hobgoblins (D)
  A quokka (D)
  A bat (D)
  A kobold (D)
  A rat (D)
89 creatures vanquished.

Notes
Turn   | Place    | Note
-------+----------+-------------------------------------------
     0 | D        | Fang the Minotaur Berserker began the quest for the Orb.
     0 | D        | Reached XP level 1. HP: 19/19 MP: 0/0
    12 | D        | Reached skill level 4 in Axes
    14 | D        | Reached ** piety under Trog
   168 | D        | Noticed a centaur
   168 | D        | Noticed an orc wizard
   174 | D        | Reached *** piety under Trog
   174 | D        | Reached XP level 2. HP: 28/28 MP: 1/1
   174 | D        | Reached skill level 5 in Fighting
   174 | D        | Reached skill level 6 in Axes
   174 | D        | Reached XP level 3. HP: 37/37 MP: 2/2
   179 | D        | Killed a centaur
   179 | D        | Reached skill level 8 in Axes
   179 | D        | Reached XP level 4. HP: 47/47 MP: 3/3
   180 | D        | Reached **** piety under Trog
   219 | D        | Found a roughly hewn altar of Beogh.
   219 | D        | Found a snail-covered altar of Cheibriados.
   219 | D        | Found a shadowy altar of Dithmenos.
   219 | D        | Found a white marble altar of Elyvilon.
   219 | D        | Found a blossoming altar of Fedhas.
   219 | D        | Found an opulent altar of Gozag.
   220 | D        | Found a hazy altar of Hepliaklqana.
   221 | D        | Found a viscous altar of Jiyva.
   222 | D        | Found an ancient bone altar of Kikubaaqudgha.
   223 | D        | Found a corrupted altar of Lugonu.
   224 | D        | Found a burning altar of Makhleb.
   225 | D        | Found a sparkling altar of Nemelex Xobeh.
   226 | D        | Found an iron altar of Okawaru.
   227 | D        | Found a stormy altar of Qazlal.
   228 | D        | Found a sacrificial altar of Ru.
   229 | D        | Found a deep blue altar of Sif Muna.
   230 | D        | Found a bloodstained altar of Trog.
   231 | D        | Found a hide-covered altar of Uskayaw.
   232 | D        | Found a radiant altar of Vehumet.
   233 | D        | Found an ornate altar of the Wu Jian Council.
   234 | D        | Found a shimmering altar of Xom.
   235 | D        | Found a basalt altar of Yredelemnul.
   236 | D        | Found a glowing silver altar of Zin.
   237 | D        | Found a glowing golden altar of the Shining One.
   269 | D        | Noticed a wraith
   269 | D        | Noticed a hippogriff
   272 | D        | Reached XP level 5. HP: 53/53 MP: 4/4
   273 | D        | Reached skill level 9 in Axes
   273 | D        | Reached skill level 5 in Armour
   273 | D        | Reached skill level 5 in Dodging
   276 | D        | Killed a hippogriff
   276 | D        | Received a gift from Trog
   276 | D        | Reached skill level 10 in Fighting
   276 | D        | Reached skill level 11 in Axes
   276 | D        | Reached XP level 6. HP: 66/66 MP: 5/5
   277 | D        | Killed a wraith
   277 | D        | Reached ***** piety under Trog
   279 | D        | Reached skill level 12 in Axes
   279 | D        | Reached XP level 7. HP: 73/73 MP: 6/6
   331 | D        | Noticed a manticore
   331 | D        | Noticed a gargoyle
   331 | D        | Noticed a slime creature
   331 | D        | Noticed a hippogriff
   331 | D        | Noticed a tengu warrior
   339 | D        | Killed a tengu warrior
   339 | D        | Reached skill level 13 in Axes
   339 | D        | Reached XP level 8. HP: 64/85 MP: 7/7
   341 | D        | Killed a hippogriff
   341 | D        | Reached skill level 14 in Axes
   345 | D        | Killed a slime creature
   347 | D        | Killed a gargoyle
   351 | D        | Killed a manticore
   351 | D        | Reached skill level 15 in Axes
   351 | D        | Reached XP level 9. HP: 34/95 MP: 8/8
   745 | D        | Gained mutation: Scrolls take you a little longer to read. [potion of mutation]
   745 | D        | Gained mutation: You are covered in fur. (AC +1) [potion of mutation]
   745 | D        | Gained mutation: You are dopey. (Int -2) [potion of mutation]
   745 | D        | Gained mutation: Your spells are a little harder to cast, but a little more powerful. [potion of mutation]
   746 | D        | Noticed a six-headed hydra
   751 | D        | Received a gift from Trog
   758 | D        | Killed an 11-headed hydra
   758 | D        | Reached skill level 16 in Axes
   758 | D        | Reached skill level 10 in Dodging
   759 | D        | Noticed a spiny frog
   764 | D        | Reached skill level 15 in Fighting
   772 | D        | Received a gift from Trog
   774 | D        | Killed a spiny frog
   774 | D        | Reached skill level 17 in Axes
   774 | D        | Reached XP level 10. HP: 59/106 MP: 9/9
  1131 | D        | Noticed a spiny frog
  1144 | D        | Reached ****** piety under Trog
  1146 | D        | Killed a spiny frog
  1149 | D        | Noticed an elephant
  1155 | D        | Received a gift from Trog
  1160 | D        | Killed an elephant
  1160 | D        | Reached skill level 18 in Axes
  1326 | D        | Received a gift from Trog
  1423 | D        | Noticed Psyche
  1429 | D        | Killed Psyche
  1429 | D        | Reached skill level 19 in Axes
  1474 | D        | Noticed Josephine
  1479 | D        | Received a gift from Trog
  1484 | D        | Killed Josephine
  1484 | D        | Reached skill level 1 in Stealth
  1484 | D        | Reached XP level 11. HP: 117/117 MP: 3/10
  1498 | D        | Received a gift from Trog
  1576 | D        | Received a gift from Trog
  1594 | D        | Received a gift from Trog
  1645 | D        | Noticed an orc sorcerer
  1645 | D        | Noticed an orc sorcerer
  1650 | D        | Noticed an orc high priest
  1653 | D        | Killed an orc sorcerer
  1653 | D        | Reached skill level 20 in Axes
  1655 | D        | Noticed an orc sorcerer
  1657 | D        | Received a gift from Trog
  1666 | D        | Noticed a sun demon
  1668 | D        | Killed an orc sorcerer
  1684 | D        | Killed an orc high priest
  1685 | D        | Killed an orc sorcerer
  1690 | D        | Reached skill level 21 in Axes
  2107 | D        | Found Tonerheruhy's Gadget Boutique.
  2107 | D        | Noticed an orc high priest
  2107 | D        | Noticed an orc high priest
  2109 | D        | Noticed an orc high priest
  2109 | D        | Noticed a sixfirhy
  2114 | D        | Killed an orc high priest
  2114 | D        | Received a gift from Trog
  2115 | D        | Found Plog's Food Shop.
  2117 | D        | Noticed a soul eater
  2117 | D        | Killed an orc high priest
  2117 | D        | Received a gift from Trog
  2120 | D        | Found Uveatsutimm's Gadget Boutique.
  2122 | D        | Noticed an orc high priest
  2128 | D        | Killed an orc high priest
  2129 | D        | Found Keol's Assorted Antiques.
  2130 | D        | Noticed an orc high priest
  2140 | D        | Noticed an orc high priest
  2144 | D        | Killed an orc high priest
  2148 | D        | HP: 6/121 [poisoned by an orange demon]
  2149 | D        | HP: 2/121 [poisoned by an orange demon]
  2152 | D        | Succumbed to an orange demon's poison

Skill      XL: |  1  2  3  4  5  6  7  8  9 10 11 |
---------------+----------------------------------+-----
Fighting       | 4 5 7 8 10 12 14 15 17 18 | 18.5
Axes           | 4 6 8 11 12 13 15 17 19 21 | 21.8
Armour         | 3 4 5 6 7 8 9 |  9.5
Dodging        | 3 4 6 8 9 10 12 13 | 13.5
Stealth        | 1 2 |  2.9

Action                   |  1- 3 |  4- 6 |  7- 9 | 10-12 || total
-------------------------+-------+-------+-------+-------++-------
Melee: Hand axe          |    23 |     1 |       |       ||    24
       Headbutt          |     1 |     1 |     7 |    27 ||    36
       War axe           |       |     7 |    37 |       ||    44
       Battleaxe         |       |       |       |    64 ||    64
       Executioner's axe |       |       |       |    90 ||    90
Invok: Berserk           |     1 |     1 |     2 |     6 ||    10
  Use: Potion            |       |       |     1 |     9 ||    10
  Eat: Chunk             |       |       |     1 |    10 ||    11
Armor: Animal skin       |     5 |       |     4 |     8 ||    17
Dodge: Dodged            |    12 |     5 |    27 |    88 ||   132
